 Dungeon Crawl Stone Soup version 0.31-a0-246-g8cbcc1cb85 (webtiles) character file.

Game seed: 2520086707098972451

5252 qw the Skirmisher (level 10, -10/64 HPs)
             Began as a Gargoyle Hexslinger on July 12, 2023.
             Was a Believer of Okawaru.
             Mangled by a boulder beetle (14 damage)
             ... on level 7 of the Dungeon.
             The game lasted 00:02:08 (5222 turns).

qw the Skirmisher (Gargoyle Hexslinger)             Turns: 5222, Time: 00:02:09

Health: -10/64     AC: 14    Str: 21    XL:     10   Next: 62%
Magic:  11/13      EV: 19    Int: 10    God:    Okawaru [**....]
Gold:   216        SH:  0    Dex: 22    Spells: 10/11 levels left

rFire   . . .        n - +7 orcbow of Pidipem {heavy, rN++ Will- Str+9 Int-4}
rCold   . . .        (shield currently unavailable)
rNeg    + + +        q - +2 robe {Will+}
rPois   inf          m - +1 helmet
rElec   +            c - scarf {repulsion}
rCorr   .            (no gloves)
SInv    +            (no boots)
Will    .....        (no amulet)
Stlth   +++          b - +6 ring of dexterity
HPRegen 0.30/turn    p - ring of see invisible
MPRegen 0.13/turn

%: repel missiles
@: about to teleport, heroic
A: sickness immunity, AC +7, negative energy resistance 1, electricity
resistance, torment resistance 1, petrification resistance
a: Renounce Religion, Heroism


You were on level 7 of the Dungeon.
You worshipped Okawaru.
Okawaru was pleased with you.
You visited 2 branches of the dungeon, and saw 8 of its levels.

You collected 370 gold pieces.
You spent 154 gold pieces at shops.


Innate Abilities, Weirdness & Mutations

You are immune to sickness and miasma.
Your stone body is resilient. (AC +7)
You are immune to poison.
You resist negative energy. (rN+)
You are resistant to electric shocks. (rElec)
You are resistant to unholy torment.
You are immune to petrification.


   Skills:
 - Level 8.3(13.3) Fighting
 + Level 11.8(16.8) Ranged Weapons
 - Level 2.2(7.2) Armour
 - Level 4.3(9.3) Dodging
 - Level 1.0 Spellcasting
 - Level 2.6 Hexes
 - Level 4.1 Invocations


You had 10 spell levels left.
You knew the following spells:

 Your Spells              Type           Power      Damage    Failure   Level
a - Slow                  Hex            20%        N/A       12%         1

Your spell library contained the following spells:

 Spells                   Type           Power      Damage    Failure   Level
 Inner Flame              Hex/Fire       3%         N/A       52%         3
 Portal Projectile        Hex/Tloc       6%         N/A       52%         3
 Cause Fear               Hex            2%         N/A       75%         4

Inventory:

Hand Weapons
 n - the +7 orcbow of Pidipem (weapon) {heavy, rN++ Will- Str+9 Int-4}
   (You found it on level 3 of the Dungeon)

   Str:       It affects your strength (+9).
   Int:       It affects your intelligence (-4).
   rN:        It greatly protects you from negative energy.
   Will:      It decreases your willpower.
Armour
 c - a scarf of repulsion (worn)
 e - a +1 leather armour of positive energy
 m - a +1 helmet (worn)
 q - a +2 robe of willpower (worn)
Jewellery
 b - a +6 ring of dexterity (left hand)
 i - a +4 ring of protection
 p - a ring of see invisible (right hand)
 u - an amulet of the acrobat
Scrolls
 a - 3 scrolls of identify
 l - 2 scrolls of teleportation
 t - a scroll of vulnerability {unknown}
Potions
 d - a potion of cancellation {unknown}
 f - 2 potions of resistance
 g - 2 potions of curing
 h - a potion of degeneration {unknown}
 j - 2 potions of enlightenment {unknown}
 k - a potion of mutation
 o - a potion of attraction {unknown}
 r - a potion of experience {unknown}
 s - a potion of invisibility {unknown}

Dungeon Overview and Level Annotations

Branches:
Dungeon (7/15)             Temple (1/1) D:6

Altars:
Ashenzari
Dithmenos
Elyvilon
Gozag
Hepliaklqana
Nemelex Xobeh
Okawaru
Trog
Vehumet
Wu Jian
Xom
Yredelemnul

Shops:
D:3 =[   D:6 [

Annotations:
D:5 2 runed translucent doors


Message History

You shoot an arrow. The arrow hits the unseen horror!
The unseen horror is moderately wounded.
The unseen horror completely misses you.
The deep elf pyromancer gestures wildly while chanting.
The deep elf pyromancer blinks!
A cyclops comes into view.
You shoot an arrow. The arrow hits the unseen horror!!!
You kill the unseen horror!
Okawaru accepts your kill. The boulder beetle bites you.
The deep elf pyromancer mumbles some strange words.
The deep elf pyromancer blinks!
You shoot an arrow. The arrow hits the boulder beetle.
The boulder beetle is lightly wounded.
The boulder beetle leaps!
You shoot an arrow. The arrow hits the cyclops.
The cyclops is lightly wounded.
You feel like a meek peon again.
The cyclops throws a large rock.
The large rock hits you.
5218 ||| INVOKING Heroism.
You gain the combat prowess of a mighty hero.
An unseen horror comes into view.
The unseen horror moves out of view.
You shoot an arrow. The arrow hits the cyclops!!
The cyclops is almost dead.
The cyclops hits you!!
5220 ||| READING 3 scrolls of teleportation.
As you read the scroll of teleportation, it crumbles to dust.
You feel strangely unstable.
The unseen horror hits you but does no damage.
The unseen horror closely misses you.
You shoot an arrow. The arrow hits the cyclops!
You kill the cyclops!
Okawaru is honoured by your kill. The unseen horror hits you.
You shoot an arrow. The arrow hits the boulder beetle!
The boulder beetle is lightly wounded.
The unseen horror completely misses you.
The boulder beetle bites you!
You die...

......##.. ......%..........#
#####.##.## #########.#####...
#.##.#|. #.........#.## ##
#.##.#..# #.#######.#.#
.####.##.###.# #.#.#
.........##.#.# ## #.#.#
.##...#..#.#.#.# #.# #.#.#
.##.###..##.#.#B#.# #.#.#
.##.###..# #.#.#@# #.#.#
.....#.#.# #.#.#[.#.#######.#
##....##.# #e##.:#.........#
##...##.#####.#########.#####
##..##.#.........#. #.%##..#
#.#.#.#.#.#.#.#.#.##.#.%#
##.##..#..#.#.#..##..###%###
##..##..#.#...).#.##.##..#..#
##.#.....#..#.#.#..%##..#.##.#


You could see a boulder beetle and a deep elf pyromancer.

Vanquished Creatures
  An ugly thing (D:7)
  2 cyclopes (D:7)
  2 unseen horrors (D:7)
  A troll (D:7)
  A hornet (D:7)
  2 steam dragons
  2 water moccasins (D:7)
  Duvessa (D:6)
  2 black bears
  An ice beast (D:5)
  A sky beast (D:7)
  6 ogres
  Blork the orc (D:6)
  2 phantoms
  3 bullfrogs (D:7)
  4 scorpions
  3 wights (D:6)
  Dowan (D:6)
  2 howler monkeys (D:5)
  7 hounds
  5 jellies
  3 orc priests
  2 sleepcaps (D:5)
  3 iguanas (D:5)
  5 orc wizards
  5 adders
  2 ufetubi (D:6)
  A worm (D:2)
  2 dart slugs (D:2)
  14 orcs
  8 endoplasms
  5 giant cockroaches
  10 goblins
  8 hobgoblins
  6 jackals
  8 kobolds
  5 ball pythons
  10 bats
  7 frilled lizards
  3 rats
157 creatures vanquished.

Notes
Turn   | Place    | Note
-------+----------+-------------------------------------------
     0 | D:1      | qw the Gargoyle Hexslinger began the quest for the Orb.
     0 | D:1      | Reached XP level 1. HP: 12/12 MP: 2/2
     0 | D:1      | 0 ||| qw: Version: 0.3-a-52-g30416fa
     0 | D:1      | 0 ||| qw: Game counter: 6366
     0 | D:1      | 0 ||| qw: Melee chars always use a shield: true
     0 | D:1      | 0 ||| qw: God list: Okawaru
     0 | D:1      | 0 ||| qw: Allow faded altars: false
     0 | D:1      | 0 ||| qw: Do Orc after clearing Dungeon:15 true
     0 | D:1      | 0 ||| qw: Do second Lair branch before Depths: true
     0 | D:1      | 0 ||| qw: Lair rune preference: random
     0 | D:1      | 0 ||| qw: Goals: Normal
     0 | D:1      | 0 ||| PLANNING D:1-11
   164 | D:1      | Reached XP level 2. HP: 16/16 MP: 3/3
   272 | D:1      | Reached skill level 3 in Ranged Weapons
   281 | D:1      | 281 ||| FLEEEEING.
   282 | D:1      | 282 ||| FLEEEEING.
   369 | D:1      | Reached XP level 3. HP: 21/21 MP: 4/4
   409 | D:1      | 409 ||| FLEEEEING.
   790 | D:1      | 790 ||| READING 2 scrolls labelled JUCUN UFOHAYK.
   791 | D:1      | 791 ||| READING scroll labelled WUP COISHOX.
   792 | D:1      | 792 ||| DROPPING scroll of poison.
   895 | D:2      | Found a white marble altar of Elyvilon.
   999 | D:2      | Found a faded altar of an unknown god.
  1024 | D:2      | 1024 ||| Stepping ~*~*~tactically~*~*~ (outnumbered).
  1049 | D:2      | Reached XP level 4. HP: 26/26 MP: 5/5
  1276 | D:2      | 1276 ||| UPGRADING to +6 ring of dexterity.
  1277 | D:2      | 1277 ||| READING scroll labelled QAADWY SISAJACW.
  1278 | D:2      | 1278 ||| READING scroll labelled MONIUGU OMUI.
  1279 | D:2      | 1279 ||| READING 3 scrolls of identify.
  1279 | D:2      | 1279 ||| IDENTIFYING black potion
  1280 | D:2      | 1280 ||| READING 2 scrolls of identify.
  1280 | D:2      | 1280 ||| IDENTIFYING lumpy green potion
  1281 | D:2      | 1281 ||| DROPPING potion of berserk rage.
  1282 | D:2      | 1282 ||| DROPPING potion of ambrosia.
  1295 | D:3      | Reached skill level 4 in Ranged Weapons
  1310 | D:3      | Found Waobuash's Antique Armour Shoppe.
  1350 | D:3      | Found Aseh's Jewellery Shop.
  1363 | D:3      | 1363 ||| SHOPLISTING +4 ring of protection (468 gold, have
                  | 84).
  1363 | D:3      | 1363 ||| SHOPLISTING +4 ring of slaying (1014 gold, have
                  | 84).
  1363 | D:3      | 1363 ||| SHOPLISTING amulet of faith (520 gold, have 84).
  1363 | D:3      | 1363 ||| SHOPLISTING amulet of regeneration (390 gold, have
                  | 84).
  1363 | D:3      | 1363 ||| SHOPLISTING ring of Tonual {rF+ Will++ MP-9 Dex+4}
                  | (461 gold, have 84).
  1363 | D:3      | 1363 ||| SHOPLISTING ring of willpower (325 gold, have 84).
  1465 | D:3      | Identified the +7 orcbow of Pidipem {heavy, rN++ Will-
                  | Str+9 Int-4}
  1467 | D:3      | 1467 ||| SWAPPING to +7 orcbow of Pidipem {heavy, rN++
                  | Will- Str+9 Int-4}.
  1468 | D:3      | 1468 ||| DROPPING +2 sling.
  1782 | D:3      | 1782 ||| UPGRADING to +0 ring mail.
  1792 | D:3      | 1792 ||| DROPPING +0 robe.
  1793 | D:3      | 1793 ||| UPGRADING to +0 helmet.
  1798 | D:3      | 1798 ||| READING scroll labelled FEIWKU IKACK.
  1803 | D:3      | 1803 ||| READING scroll labelled MOTTOFUBRU.
  1804 | D:3      | 1804 ||| DRINKING 2 smoky sapphire potions.
  1851 | D:3      | 1851 ||| DRINKING 3 lumpy dark potions.
  1852 | D:3      | 1852 ||| READING 3 scrolls of identify.
  1852 | D:3      | 1852 ||| IDENTIFYING fizzy red potion
  1853 | D:3      | 1853 ||| READING 2 scrolls of identify.
  1853 | D:3      | 1853 ||| IDENTIFYING glowing orange potion
  1854 | D:3      | 1854 ||| DROPPING potion of lignification.
  1855 | D:3      | 1855 ||| DROPPING 2 potions of brilliance.
  1876 | D:4      | Reached skill level 1 in Armour
  1894 | D:4      | Reached XP level 5. HP: 30/30 MP: 6/6
  1897 | D:4      | Reached skill level 5 in Ranged Weapons
  1925 | D:4      | Noticed a black bear
  1930 | D:4      | Killed a black bear
  1931 | D:4      | Reached skill level 3 in Fighting
  1931 | D:4      | Reached XP level 6. HP: 27/38 MP: 7/7
  2311 | D:4      | Found a hazy altar of Hepliaklqana.
  2315 | D:4      | Reached skill level 6 in Ranged Weapons
  2551 | D:4      | Reached XP level 7. HP: 43/43 MP: 8/8
  2709 | D:4      | 2709 ||| UPGRADING to scarf of repulsion.
  2714 | D:4      | 2714 ||| READING scroll labelled UGYNKI SUSCHA.
  2715 | D:4      | 2715 ||| READING 3 scrolls of identify.
  2715 | D:4      | 2715 ||| IDENTIFYING cyan potion
  2716 | D:4      | 2716 ||| READING 2 scrolls of identify.
  2716 | D:4      | 2716 ||| IDENTIFYING fuming clear potion
  2757 | D:5      | Entered Level 5 of the Dungeon
  2783 | D:5      | Reached skill level 7 in Ranged Weapons
  2905 | D:5      | HP: 6/43 [ogre/+0 giant spiked club (9)]
  2906 | D:5      | 2906 ||| READING scroll of teleportation.
  2907 | D:5      | 2907 ||| DRINKING potion of heal wounds.
  2910 | D:5      | Reached XP level 8. HP: 26/48 MP: 9/9
  2986 | D:5      | Reached skill level 8 in Ranged Weapons
  3018 | D:5      | 3018 ||| FLEEEEING.
  3157 | D:5      | Found a runed translucent door.
  3159 | D:5      | Found a runed translucent door.
  3179 | D:5      | Reached skill level 9 in Ranged Weapons
  3240 | D:5      | Reached skill level 6 in Fighting
  3417 | D:5      | Reached skill level 3 in Dodging
  3417 | D:5      | Reached XP level 9. HP: 55/55 MP: 10/10
  3485 | D:5      | 3485 ||| DROPPING scarf of repulsion.
  3486 | D:5      | 3486 ||| UPGRADING to ring of see invisible.
  3553 | D:6      | Found Qutope's Armour Emporium.
  3576 | D:6      | Found a staircase to the Ecumenical Temple.
  3577 | D:6      | 3577 ||| PLANNING TEMPLE
  3578 | D:6      | Noticed Blork the orc
  3585 | D:6      | Noticed Duvessa
  3586 | D:6      | Killed Blork the orc
  3587 | D:6      | Noticed Dowan
  3590 | D:6      | Killed Duvessa
  3595 | D:6      | Killed Dowan
  3623 | D:6      | 3623 ||| FLEEEEING.
  3625 | D:6      | 3625 ||| FLEEEEING.
  3626 | D:6      | 3626 ||| FLEEEEING.
  3627 | D:6      | 3627 ||| FLEEEEING.
  3628 | D:6      | 3628 ||| FLEEEEING.
  3725 | Temple   | Entered the Ecumenical Temple
  3751 | Temple   | 3751 ||| PLANNING OKAWARU WORSHIP
  3956 | Temple   | 3956 ||| UPGRADING to +2 robe of willpower.
  3966 | Temple   | 3966 ||| DROPPING +0 ring mail.
  3994 | Temple   | Became a worshipper of Warmaster Okawaru
  3995 | Temple   | 3995 ||| PLANNING D:1-11
  4094 | D:6      | 4094 ||| Stepping ~*~*~tactically~*~*~ (cloud).
  4099 | D:6      | Reached skill level 10 in Ranged Weapons
  4248 | D:6      | Found a broken altar of Ashenzari.
  4534 | D:6      | 4534 ||| BUYING +1 leather armour of positive energy (154
                  | gold).
  4534 | D:6      | Bought a +1 leather armour of positive energy for 154 gold
                  | pieces
  4534 | D:6      | 4534 ||| SHOPLISTING +2 robe of Hepliaklqana's Regard {rN+
                  | Regen+} (306 gold, have 175).
  4534 | D:6      | 4534 ||| SHOPLISTING +3 ring mail of cold resistance (364
                  | gold, have 175).
  4534 | D:6      | 4534 ||| SHOPLISTING +3 ring mail of fire resistance (364
                  | gold, have 175).
  4668 | D:7      | Noticed a cyclops
  4674 | D:7      | Killed a cyclops
  4674 | D:7      | Reached * piety under Okawaru
  4912 | D:7      | Reached skill level 1 in Invocations
  4918 | D:7      | 4918 ||| READING scroll of enchant armour.
  4918 | D:7      | 4918 ||| ENCHANTING +0 helmet.
  4985 | D:7      | Noticed a hornet
  4987 | D:7      | 4987 ||| INVOKING Heroism.
  4990 | D:7      | Killed a hornet
  4994 | D:7      | Noticed a red ugly thing
  4996 | D:7      | Reached skill level 3 in Invocations
  4996 | D:7      | Reached XP level 10. HP: 51/63 MP: 9/12
  5000 | D:7      | 5000 ||| INVOKING Heroism.
  5004 | D:7      | Killed a red ugly thing
  5014 | D:7      | Reached skill level 11 in Ranged Weapons
  5176 | D:7      | Reached ** piety under Okawaru
  5203 | D:7      | Noticed a boulder beetle
  5203 | D:7      | Noticed a deep elf pyromancer
  5204 | D:7      | 5204 ||| INVOKING Heroism.
  5210 | D:7      | Noticed an unseen horror
  5213 | D:7      | Killed an unseen horror
  5213 | D:7      | Noticed an unseen horror
  5214 | D:7      | Noticed a cyclops
  5215 | D:7      | Killed an unseen horror
  5218 | D:7      | 5218 ||| INVOKING Heroism.
  5218 | D:7      | Noticed an unseen horror
  5219 | D:7      | HP: 4/64 [cyclops (22)]
  5220 | D:7      | 5220 ||| READING 3 scrolls of teleportation.
  5221 | D:7      | Killed a cyclops
  5222 | D:7      | Mangled by a boulder beetle

Levels and vault maps discovered:
D:1:      elethiomel_arrival_maze, layout_basic, lexackson_kobold_supper
D:2:      wad_pebble_path, layout_rooms, shapermc_ecumenical_altar_petra,
          basic_altar, nrook_uturn
D:3:      layout_basic, serial_shops, shop, nicolae_shop_gaudy_bauble
D:4:      layout_cave_pods, nicolae_hepliaklqana_hippocampus
D:5:      lemuel_insect_pit, layout_basic, minmay_joined_circles
D:6:      layout_rooms, mainiacjoe_overflow_chevrons,
          minmay_temple_entry_overgrown, serial_shops,
          nicolae_inconvenience_store, hangedman_decor_opposing,
          roderic_batcave, skrybe_limestone_x, nicolae_lava_and_water,
          hangedman_glass_teeth, uniq_duvessa, uniq_blork_the_orc
D:7:      layout_loops_ring, abandoned_shop, minmay_the_grid_2x2
          [minmay_the_grid_armoury, minmay_the_grid_all_tris,
          minmay_the_grid_gridbox, minmay_the_grid_prize_four_corners_diamond_b]
Temple:   jpeg_temple_island

Skill      XL: |  1  2  3  4  5  6  7  8  9 10 |
---------------+-------------------------------+-----
Ranged Weapons | 3 4 5 6 7 9 10 11 | 11.8
Fighting       | 2 3 4 6 7 8 |  8.3
Armour         | 1 2 |  2.2
Dodging        | 2 3 4 |  4.3
Invocations    | 3 4 |  4.1
Spellcasting   | |  1.0
Hexes          | |  2.6

Action                     |  1- 3 |  4- 6 |  7- 9 | 10-12 || total
---------------------------+-------+-------+-------+-------++-------
   Fire: Sling             |   123 |    23 |       |       ||   146
         Orcbow            |       |    40 |   154 |    44 ||   238
 Invoke: Heroism           |       |       |     1 |     3 ||     4
    Use: Scroll            |     2 |     8 |     5 |     1 ||    16
         Potion            |       |     2 |     1 |       ||     3
 Armour: Robe              |    23 |     1 |     4 |    14 ||    42
         Ring mail         |       |     8 |    14 |       ||    22
  Dodge: Dodged            |    37 |    17 |    37 |    45 ||   136
         Repelled          |       |       |     1 |       ||     1

Table legend:
 A = Non-vault XP
 B = Vault XP
 C = Vault XP percentage of total XP
 D = Non-vault monster count
 E = Vault monster count
 F = Vault count percentage of total count
                 A         B        C        D         E       F
            +---------+---------+-------+---------+---------+-------
      Total |    3553 |    3951 |  52.7 |     117 |      40 |  25.5
            +---------+---------+-------+---------+---------+-------
        D:1 |      39 |      10 |  20.4 |      22 |       8 |  26.7
        D:2 |      41 |       0 |   0.0 |      19 |       0 |   0.0
        D:3 |      29 |       0 |   0.0 |      10 |       0 |   0.0
        D:4 |     600 |       0 |   0.0 |      20 |       0 |   0.0
        D:5 |    1029 |     642 |  38.4 |      19 |      10 |  34.5
        D:6 |     616 |     316 |  33.9 |       9 |       9 |  50.0
        D:7 |    1199 |    2983 |  71.3 |      18 |      13 |  41.9
            +---------+---------+-------+---------+---------+-------
